 Dungeon Crawl Stone Soup version 0.29.1-15-g9cfb28693d (webtiles) character file.

Game seed: 10024428848942185611

1 croobank the Sneak (level 1, -6/16 HPs)
             Began as an Octopode Delver on Mar 13, 2023.
             Shot with an arrow by a centaur (13 damage)
             ... on level 5 of the Dungeon.
             The game lasted 00:00:40 (99 turns).

croobank the Sneak (Octopode Delver)                  Turns: 99, Time: 00:00:40

Health: -6/16      AC:  1    Str: 11    XL:     1   Next: 20%
Magic:  1/1        EV: 13    Int: 12    God:
Gold:   22         SH:  0    Dex: 13    Spells: 0/0 levels left

rFire   . . .      SeeInvis .   a - +0 hand axe
rCold   . . .      Faith    .   (no shield)
rNeg    . . .      Spirit   .   (helmet restricted)
rPois   .          Reflect  .   (no amulet)
rElec   .          Harm     .   (no ring)
rCorr   .          Rampage  .   (no ring)
Will    .....                   (no ring)
Stlth   ++++......              (no ring)
HPRegen 0.05/turn               (no ring)
MPRegen 0.07/turn               (no ring)
                                (no ring)
                                (no ring)

@: hasted, very quick
A: almost no armour, amphibious, 8 rings, camouflage 1, gelatinous body 1,
(nimble swimmer 1), tentacles
a: no special abilities


You were on level 5 of the Dungeon.
You visited 1 branch of the dungeon, and saw 2 of its levels.

You collected 22 gold pieces.

Inventory:

Hand Weapons
 a - a +0 hand axe (weapon)
 g - a +0 dagger
Wands
 f - a wand of digging (3)
Scrolls
 b - a scroll of fog
 c - a scroll of magic mapping
 d - a scroll of fear
 h - a scroll of amnesia {unknown}


   Skills:
 + Level 3.0 Fighting
 + Level 2.0 Axes
 + Level 2.0 Dodging
 + Level 6.6 Stealth


You couldn't memorise any spells.
You didn't know any spells.
Your spell library was empty.

Dungeon Overview and Level Annotations

Branches:
Dungeon (6/15)
 Temple: D:4-7

Altars:

Shops:
D:5 ?[


Innate Abilities, Weirdness & Mutations

You cannot wear most types of armour.
You are amphibious.
You can wear up to eight rings at the same time.
Your skin changes colour to match your surroundings (Stealth+).
Your rubbery body absorbs attacks. (AC +1, EV +1)
((You are camouflaged when in or above water. (Stealth+)))
You have tentacles for arms and can constrict up to eight enemies at once.


Message History

You hear a shout!
A scorpion comes into view.
The kobold barely misses you.
The kobold brigand throws a curare-tipped dart.
The curare-tipped dart completely misses you.
A kobold comes into view. It is wielding a +0 short sword.
You see here 10 gold pieces.
You now have 22 gold pieces (gained 10).
The kobold closely misses you. The kobold attacks as you move away!
The kobold misses you.
The kobold shouts!
You hear a shout!
There is a stone staircase leading up here.
The kobold hits you with a +0 dagger.
You climb upwards.
There is a stone staircase leading down here.
You barely miss the kobold. You grab the kobold. You constrict the kobold.
The kobold closely misses you.
You hit the kobold.
You kill the kobold!
You start resting.
HP restored.
You see here a +0 dagger.
g - a +0 dagger
Found a leather armour.
Found a scroll labelled XUYWKUTOIN.
Found Kurghiulo's Antique Armour Shoppe.
Found a scroll labelled ATECLO FUBELO.
You see here a +0 leather armour.
h - a scroll labelled XUYWKUTOIN A centaur comes into view.
It is wielding a +0 club.
The centaur shouts!
The centaur unwields a +0 club.
The centaur wields a +0 shortbow.
The centaur shoots an arrow.
The arrow closely misses you.
The centaur shoots an arrow.
The arrow hits you!
Ouch! That really hurt!
You hear an angry hiss.
You see here a scroll labelled ATECLO FUBELO.
You feel yourself speed up.
The centaur shoots an arrow.
The arrow hits you!
Ouch! That really hurt!
You die...

.........# c.........
.........# .........#
.........# .........#
.........#
.......@.######
.#####....##... . #.#
###.∩..##.### #. ###.#
#...........# #.###...#
#...........#
##...#.#.###...........#
#.....∩....#.......[...#
...[.#.#...#...........#
...........#...........#


You could see a centaur.

Vanquished Creatures
  A kobold (D:5)
1 creature vanquished.

Notes
Turn   | Place    | Note
-------+----------+-------------------------------------------
     0 | D:5      | croobank the Octopode Delver began the quest for the Orb.
     0 | D:5      | Reached XP level 1. HP: 16/16 MP: 1/1
    18 | D:6      | Noticed a kobold brigand
    21 | D:6      | Noticed a scorpion
    87 | D:5      | Found Kurghiulo's Antique Armour Shoppe.
    97 | D:5      | Noticed a centaur
    99 | D:5      | Shot with an arrow by a centaur

Illustrated notes

Levels and vault maps discovered:
D:5:      layout_basic, amcnicky_altar_gilded, serial_shops,
          nicolae_shop_advertising_works [nicolae_subvault_shop_adworks], shop,
          nicolae_shop_crystal, shop, nicolae_shop_bloodbath_and_beyond,
          uniq_grinder
D:6:      layout_rooms, gammafunk_temple_overflow_statue, st_stairs_11,
          nicolae_figureground_sparkle

Action                   || total
-------------------------++-------
Melee: Hand axe          ||     2
       Constrict         ||     1
  Use: Potion            ||     1
Dodge: Dodged            ||     6
